 Dungeon Crawl Stone Soup version 0.28-a0-1117-g0bdd5ba030 (webtiles) character file.

Game seed: 9136106075696731494

37 septik the Chopper (level 3, 0/31 HPs)
             Began as a Minotaur Berserker on Dec 11, 2021.
             Was a Follower of Trog.
             Slain by a necrophage (2 damage)
             ... on level 2 of the Dungeon.
             The game lasted 00:02:21 (1435 turns).

septik the Chopper (Minotaur Berserker)             Turns: 1435, Time: 00:02:22

Health: 0/31       AC:  3    Str: 23    XL:     3   Next: 21%
Magic:  2/2        EV: 12    Int:  4    God:    Trog [*.....]
Gold:   51         SH:  0    Dex:  9    Spells: 2/2 levels left

rFire   . . .      SeeInvis .   a - +0 hand axe
rCold   . . .      Faith    .   (no shield)
rNeg    . . .      Spirit   .   b - +0 animal skin
rPois   .          Reflect  .   (helmet restricted)
rElec   .          Harm     .   (no cloak)
rCorr   .          Rampage  .   h - +0 pair of gloves
Will    .....                   (no boots)
Stlth   +.........              (no amulet)
HPRegen 0.10/turn               (no ring)
MPRegen 0.08/turn               (no ring)

@: on berserk cooldown, slowed, very slow
A: horns 2, retaliatory headbutt
a: Renounce Religion, Berserk


You were on level 2 of the Dungeon.
You worshipped Trog.
Trog was aware of your devotion.
You visited 1 branch of the dungeon, and saw 2 of its levels.

You collected 51 gold pieces.

Inventory:

Hand Weapons
 a - a +0 hand axe (weapon)
Missiles
 c - 18 sling bullets
 g - 2 stones (quivered)
 l - 22 poisoned darts
Armour
 b - a +0 animal skin (worn)
 h - a +0 pair of gloves (worn)
Scrolls
 d - a scroll of teleportation {unknown}
 e - 2 scrolls of acquirement {unknown}
 f - a scroll of fear {unknown}
 i - 2 scrolls of blinking {unknown}
 n - a scroll of identify {unknown}
Potions
 j - a potion of flight {unknown}
 k - a potion of mutation {unknown}
 m - a potion of haste {unknown}


   Skills:
 - Level 3.6 Fighting
 + Level 5.3 Axes
 - Level 2.4 Armour
 - Level 2.1 Dodging


You had 2 spell levels left.
You didn't know any spells.
Your spell library was empty.

Dungeon Overview and Level Annotations

Branches:
Dungeon (2/15)

Altars:


Innate Abilities, Weirdness & Mutations

You have a pair of horns on your head.
You reflexively headbutt those who attack you in melee.


Message History

You feel sick.
Unknown command.
You are no longer berserk.
You are exhausted.
You feel yourself slow down.
You feel sick.
You feel sick.
You see here a rat corpse.
You feel sick.
A necrophage comes into view.
You feel sick.
You feel sick.
You are no longer poisoned.
The necrophage barely misses you.
You barely miss the necrophage. The necrophage hits you.
You hit the necrophage.
The necrophage is lightly damaged.
The necrophage barely misses you. You furiously retaliate!
You headbutt the necrophage, but do no damage.
The necrophage hits you but does no damage.
You closely miss the necrophage.
The necrophage is lightly damaged.
The necrophage hits you.
* * * LOW HITPOINT WARNING * * *
You closely miss the necrophage.
The necrophage is lightly damaged.
The necrophage barely misses you. You furiously retaliate!
You headbutt the necrophage, but do no damage.
The necrophage barely misses you.
You closely miss the necrophage. The necrophage hits you.
* * * LOW HITPOINT WARNING * * *
The necrophage misses you. You furiously retaliate!
You headbutt the necrophage! You closely miss the necrophage.
You headbutt the necrophage!
The necrophage is severely damaged.
The necrophage closely misses you.
You hit the necrophage. Your headbutt misses the necrophage.
The necrophage is severely damaged.
The necrophage hits you.
You die...

.......^....######
#######'#..#.....#
#.#..#...#.#
#.##.#..#.###.#
#n##.#........#
#.##..........#
##.##..........#
#...........[..#
#..###.n@......# #
#..###.........#
#.#####+#.†........#####
.............#####.#
#............# .#
.............# .#
#............# #
#............#
#............#


You could see a necrophage.

Vanquished Creatures
  An adder (D:2)
  A dart slug (D:1)
  An endoplasm (D:1)
  A giant cockroach (D:1)
  A hobgoblin (D:1)
  3 jackals (D:1)
  3 kobolds (D:1)
  5 ball pythons
  4 bats
  2 frilled lizards
  4 rats
26 creatures vanquished.

Notes
Turn   | Place    | Note
-------+----------+-------------------------------------------
     0 | D:1      | septik the Minotaur Berserker began the quest for the Orb.
     0 | D:1      | Reached XP level 1. HP: 19/19 MP: 0/0
   219 | D:1      | Reached skill level 4 in Axes
   265 | D:1      | Found a faded altar of an unknown god.
   302 | D:1      | Reached XP level 2. HP: 26/26 MP: 1/1
   977 | D:1      | Reached skill level 5 in Axes
  1419 | D:2      | Reached XP level 3. HP: 31/31 MP: 2/2
  1423 | D:2      | Noticed a necrophage
  1435 | D:2      | Slain by a necrophage

Illustrated notes

Levels and vault maps discovered:
D:1:      lightli_arrival_lavapool, layout_basic,
          chequers_ecumenical_altar_grove, minmay_octomino_e4
D:2:      layout_basic, serial_shops, shop, basic_altar, serial_glass,
          glass_columns_b, glass_columns_a, kennysheep_path_1,
          amethyst_killhole, uniq_natasha, uniq_jessica

Skill      XL: |  1  2 |
---------------+-------+-----
Axes           | 4 5 |  5.3
Fighting       | |  3.6
Armour         | |  2.4
Dodging        | |  2.1

Action                   || total
-------------------------++-------
Melee: Hand axe          ||    62
       Headbutt          ||     6
Invok: Berserk           ||     2
Armor: Animal skin       ||    14
Dodge: Dodged            ||    48

Table legend: (Time is in decaauts)
 A = Elapsed time spent in this place.
 B = Non-inter-level travel time spent in this place.
 C = Inter-level travel time spent in this place.
 D = Time resting spent in this place.
 E = Time spent auto-exploring this place.
 F = Levels seen in this place.
 G = Mean time per level.
                   A        B        C        D        E       F      G
               +--------+--------+--------+--------+--------+-----+--------+
         Total |   1455 |   1428 |     27 |    162 |   1033 |   2 |  727.5 |
       Dungeon |   1455 |   1428 |     27 |    162 |   1033 |   2 |  727.5 |
               +--------+--------+--------+--------+--------+-----+--------+

Top non-repeatable levels by time:
     D:1: 1332 daAuts
     D:2: 122 daAuts
